 Dungeon Crawl Stone Soup version 0.31.0-1-g2c135a0 (webtiles) character file.

Game seed: 5166679532141294409

167 mezmerelda the Cutter (level 5, -9/33 HPs)
             Began as a Kobold Enchanter on Jan 25, 2024.
             Killed from afar by an orc wizard (10 damage)
             ... with a magic dart
             ... on level 3 of the Dungeon.
             The game lasted 00:09:06 (2134 turns).

mezmerelda the Cutter (Kobold Enchanter)            Turns: 2134, Time: 00:09:06

Health: -9/33      AC:  2    Str:  6    XL:     5   Next: 76%
Magic:  8/8        EV: 15    Int: 18    God:
Gold:   120        SH:  0    Dex: 15    Spells: 0/8 levels left

rFire   . . .        a - +1 dagger
rCold   . . .        (no shield)
rNeg    . . .        b - +0 robe
rPois   .            (no helmet)
rElec   .            (no cloak)
rCorr   .            (no gloves)
SInv    .            (no boots)
Will    .....        (no amulet)
Stlth   ++++         (no ring)
HPRegen 0.25/turn    (no ring)
MPRegen 0.11/turn

%: no passive effects
@: no status effects
A: small, no large weapons, nightstalker 3
a: no special abilities


You were on level 3 of the Dungeon.
You visited 1 branch of the dungeon, and saw 3 of its levels.

You collected 120 gold pieces.

Inventory:

Hand Weapons
 a - a +1 dagger (weapon)
Armour
 b - a +0 robe (worn)
Jewellery
 f - a ring of ice
 g - a ring of fire
 h - an amulet of guardian spirit
 o - a ring of willpower
Scrolls
 d - a scroll of fog {unknown}
 e - a scroll of silence {unknown}
 i - a scroll of vulnerability {unknown}
 j - a scroll of blinking {unknown}
 k - 2 scrolls of teleportation {unknown}
 l - 2 scrolls of noise {unknown}
 n - a scroll of enchant weapon {unknown}
 q - a scroll of enchant armour {unknown}
Potions
 c - 2 potions of invisibility
 m - 2 potions of haste {unknown}
 p - 2 potions of mutation {unknown}
 r - a potion of degeneration {unknown}


   Skills:
 + Level 3.7 Fighting
 - Level 5.0 Short Blades
 - Level 2.4 Dodging
 - Level 4.0 Stealth
 - Level 2.1 Spellcasting
 - Level 3.0 Hexes


You couldn't memorise any spells.
You knew the following spells:

 Your Spells              Type           Power      Damage    Failure   Level
c - Confusing Touch       Hex            12%        N/A       16%         3
d - Tukima's Dance        Hex            12%        N/A       16%         3
e - Ensorcelled Hibernat  Hex/Ice        14%        N/A       14%         2

Your spell library contained the following spells:

 Spells                   Type           Power      Damage    Failure   Level
 Kiss of Death            Conj/Necr      4%         2d5       19%         1
 Magic Dart               Conj           4%         1d3       19%         1
 Necrotise                Necr           4%         1d4       19%         1
 Scorch                   Fire           2%         2d5       26%         2
 Searing Ray              Conj           2%         2d4       26%         2
 Dazzling Flash           Conj/Hex       14%        N/A       28%         3
 Ozocubu's Armour         Ice            1%         N/A       47%         3
 Vampiric Draining        Necr           1%         2d6       47%         3
 Dispel Undead            Necr           1%         3d6       87%         4
 Flame Wave               Conj/Fire      1%         2d4       87%         4
 Fulminant Prism          Conj/Alch      0%         3d5       87%         4
 Martyr's Knell           Necr/Summ      1%         N/A       87%         4
 Metabolic Englaciation   Hex/Ice        3%         N/A       95%         5
 Curse of Agony           Necr           1%         N/A       99%         5
 Sculpt Simulacrum        Ice/Alch       0%         N/A       100%        6
 Summon Cactus Giant      Summ           0%         N/A       100%        6


Dungeon Overview and Level Annotations

Branches:
Dungeon (3/15)

Altars:
Gozag

Annotations:
D:2 Terence


Innate Abilities, Weirdness & Mutations

You are small and have problems with some larger weapons.
You are completely attuned to the shadows.


Message History

A magic dart appears from out of thin air!
The magic dart hits you!
You miss something. Something hits you.
You hit something but do no damage. You barely miss something.
Something hits you.
You barely miss something. Something hits you.
You closely miss something.
You hear some strange, mumbled words.
A puff of flame appears from out of thin air!
The puff of flame misses you.
You hit something but do no damage. Something barely misses you.
You closely miss something. You barely miss something. Something hits you.
* * * LOW HITPOINT WARNING * * *
You barely miss something. Something hits you.
* * * LOW HITPOINT WARNING * * *
You hit something.
You hear some strange, mumbled words.
Something tries to affect you, but you resist.
You miss something. You hit something.
You hear some strange, mumbled words.
Something tries to affect you, but you resist.
You hit something but do no damage. Something closely misses you.
You miss something. Something barely misses you.
You closely miss something. You barely miss something.
Something barely misses you.
You are too injured to fight recklessly!
You hit something but do no damage. Something barely misses you.
You hit something. You hit something.
You hear some strange, mumbled words.
A magic dart appears from out of thin air!
The magic dart hits you.
* * * LOW HITPOINT WARNING * * *
You hit something but do no damage.
You hear some strange, mumbled words.
A magic dart appears from out of thin air!
The magic dart hits you!
You die...

...#
#.#####.........
...#
#.....#.##...#.#
#######.....#.##...#
. #.....###.##.....
#.....#..(.#.#.#.
#.....#.#..#.#
#.....#.#..#.#
#.....# #..#.#
#.....# #).#@#
###'### #..#{#..
#######.# #...)....
........# #.##.....
######### #[ ######
#.


There were no monsters in sight!

Vanquished Creatures
  2 orc priests (D:3)
  3 adders
  3 ribbon worms
  4 dart slugs (D:2)
  4 orcs (D:3)
  3 ball pythons
  3 endoplasms (D:2)
  3 giant cockroaches (D:1)
  2 goblins (D:1)
  4 hobgoblins
  A jackal (D:2)
  4 kobolds
  6 quokkas
  9 bats
  5 frilled lizards
  7 rats
63 creatures vanquished.

Notes
Turn   | Place    | Note
-------+----------+-------------------------------------------
     0 | D:1      | mezmerelda the Kobold Enchanter began the quest for the
                  | Orb.
     0 | D:1      | Reached XP level 1. HP: 10/10 MP: 3/3
   140 | D:1      | Reached skill level 2 in Short Blades
   238 | D:1      | Reached XP level 2. HP: 15/15 MP: 5/5
   543 | D:1      | Reached skill level 3 in Short Blades
   914 | D:1      | Reached XP level 3. HP: 19/19 MP: 6/6
  1136 | D:2      | Found an opulent altar of Gozag.
  1189 | D:2      | Reached skill level 4 in Short Blades
  1218 | D:2      | Reached skill level 1 in Fighting
  1306 | D:2      | Reached XP level 4. HP: 18/25 MP: 7/7
  1309 | D:2      | Learned a level 2 spell: Ensorcelled Hibernation
  1313 | D:2      | Learned a level 3 spell: Confusing Touch
  1692 | D:2      | Noticed Terence
  1974 | D:3      | Reached XP level 5. HP: 17/30 MP: 5/8
  1981 | D:3      | Learned a level 3 spell: Tukima's Dance
  2045 | D:3      | Reached skill level 5 in Short Blades
  2133 | D:3      | HP: 1/33 [something/magic dart (6)]
  2134 | D:3      | Killed from afar by an orc wizard

Illustrated notes

Levels and vault maps discovered:
D:1:      co_arrival_random_square_maze, layout_loops_corners, chequers_jeans
D:2:      minmay_diamond_boxcup, layout_rooms, basic_altar,
          minmay_increasing_density, uniq_terence
D:3:      layout_basic, shapermc_ecumenical_altar_mp_urbaneastern

Skill      XL: |  1  2  3  4  5 |
---------------+----------------+-----
Short Blades   | 2 3 4 5 |  5.0
Fighting       | 1 2 3 |  3.7
Dodging        | |  2.4
Stealth        | |  4.0
Spellcasting   | |  2.1
Hexes          | |  3.0

Action                     |  1- 3 |  4- 6 || total
---------------------------+-------+-------++-------
  Melee: Dagger            |    75 |   104 ||   179
         Punch             |     1 |       ||     1
   Cast: Ensorcelled Hiber |       |     7 ||     7
   Stab: Sleeping          |    26 |    16 ||    42
 Armour: Robe              |    21 |    35 ||    56
  Dodge: Dodged            |    39 |    61 ||   100
